 Dungeon Crawl Stone Soup version 0.28-a0-1545-g945cd3f27e (webtiles) character file.

Game seed: 6181660848569372457

586 Anamonty the Sneak (level 7, 0/36 HPs)
             Began as a Kobold Enchanter on Jan 18, 2022.
             Slain by a scorpion (2 damage)
             ... on level 4 of the Dungeon.
             The game lasted 00:07:04 (4403 turns).

Anamonty the Sneak (Kobold Enchanter)               Turns: 4403, Time: 00:07:05

Health: 0/36       AC:  2    Str:  6    XL:     7   Next: 65%
Magic:  6/13       EV: 16    Int: 16    God:
Gold:   152        SH:  0    Dex: 17    Spells: 3/14 levels left

rFire   . . .      SeeInvis .   o - +7 spear of Rikux {vorpal, rPois}
rCold   . . .      Faith    .   (no shield)
rNeg    . . .      Spirit   .   b - +0 robe
rPois   +          Reflect  .   (no helmet)
rElec   .          Harm     .   (no cloak)
rCorr   .          Rampage  .   (no gloves)
Will    .....                   (no boots)
Stlth   ++++......              (no amulet)
HPRegen 0.12/turn               (no ring)
MPRegen 0.13/turn               (no ring)

@: lethally poisoned (0 -> -8), attractive
A: small, no large weapons, nightstalker 3
a: no special abilities


You were on level 4 of the Dungeon.
You visited 1 branch of the dungeon, and saw 4 of its levels.

You collected 152 gold pieces.

Inventory:

Hand Weapons
 a - a +1 dagger
 i - a +0 hand crossbow
 o - the +7 spear of Rikux (weapon) {vorpal, rPois}
   (You found it on level 2 of the Dungeon)

   It inflicts extra damage upon your enemies.
   rPois:     It protects you from poison.
Missiles
 k - 35 bolts
Armour
 b - a +0 robe (worn)
Jewellery
 p - a +4 ring of protection
Scrolls
 e - 2 scrolls of teleportation
 g - a scroll of vulnerability {unknown}
 j - a scroll of blinking {unknown}
 m - a scroll of summoning {unknown}
 n - 2 scrolls of immolation
 q - a scroll of holy word {unknown}
 r - a scroll of fog {unknown}
 s - 2 scrolls of amnesia {unknown}
 v - a scroll of magic mapping {unknown}
Potions
 c - a potion of invisibility
 d - a potion of attraction
 h - a potion of ambrosia {unknown}
 l - 8 potions of might
 t - a potion of brilliance {unknown}
 u - a potion of lignification {unknown}
 w - a potion of magic {unknown}


   Skills:
 - Level 1.3 Short Blades
 + Level 4.7 Dodging
 + Level 6.2 Stealth
 + Level 4.0 Spellcasting
 * Level 5.7 Hexes


You had 3 spell levels left.
You knew the following spells:

 Your Spells              Type           Power      Damage    Failure   Level
a - Ensorcelled Hibernat  Hex/Ice        24%        N/A       8%          2
b - Tukima's Dance        Hex            21%        N/A       4%          3
c - Confusing Touch       Hex            21%        N/A       4%          3
d - Dazzling Flash        Conj/Hex       24%        N/A       16%         3

Your spell library contained the following spells:

 Spells                   Type           Power      Damage    Failure   Level
 Magic Dart               Conj           12%        1d3       17%         1
 Summon Small Mammal      Summ           12%        N/A       17%         1
 Call Imp                 Summ           3%         N/A       26%         2
 Searing Ray              Conj           6%         2d4       26%         2
 Ozocubu's Armour         Ice            3%         N/A       45%         3
 Fulminant Prism          Conj/Hex       6%         3d7       45%         4
 Ozocubu's Refrigeration  Ice            1%         4d5       100%        7
 Summon Horrible Things   Summ           1%         N/A       100%        8
 Dragon's Call            Summ           1%         N/A       100%        9


Dungeon Overview and Level Annotations

Branches:
Dungeon (4/15)
 Temple: D:4-7

Altars:
Makhleb


Innate Abilities, Weirdness & Mutations

You are small and have problems with some larger weapons.
You are completely attuned to the shadows.


Message History

Confirm with . or Enter, or press ? or * to list all spells.
Aiming: Ensorcelled Hibernation (safe; 8% risk of failure)
Press: ? - help, Shift-Dir - straight line, f/p - scorpion
Aim: a scorpion (heavily wounded, chance to affect: 46%)
The scorpion resists with some effort.
The scorpion misses you.
Casting: Ensorcelled Hibernation (safe; 8% risk of failure)
Confirm with . or Enter, or press ? or * to list all spells.
Aiming: Ensorcelled Hibernation (safe; 8% risk of failure)
Press: ? - help, Shift-Dir - straight line, f/p - scorpion
Aim: a scorpion (heavily wounded, chance to affect: 46%)
The scorpion resists with some effort.
The scorpion stings you. The scorpion barely misses you.
Casting: Ensorcelled Hibernation (safe; 8% risk of failure)
Confirm with . or Enter, or press ? or * to list all spells.
Aiming: Ensorcelled Hibernation (safe; 8% risk of failure)
Press: ? - help, Shift-Dir - straight line, f/p - scorpion
Aim: a scorpion (heavily wounded, chance to affect: 46%)
The scorpion resists with some effort.
The scorpion barely misses you.
You hit the scorpion but do no damage.
The scorpion is heavily wounded.
The scorpion misses you.
You hit the scorpion.
The scorpion is severely wounded.
The scorpion stings you!
* * * LOW HITPOINT WARNING * * *
You are lethally poisoned!
The scorpion poisons you!
* * * LOW HITPOINT WARNING * * *
You feel sick. The scorpion misses you.
Okay, then.
You feel better. The scorpion stings you!
* * * LOW HITPOINT WARNING * * *
You are lethally poisoned!
The scorpion poisons you!
It was a potion of attraction.
You feel attractive to monsters.
* * * LOW HITPOINT WARNING * * *
You feel very sick. The scorpion stings you.
You die...

. #.........
..##..#......
.....###.....
...#.##......
#......######.........
............>........#
#......#..#...........
#...(....##.#(........
...!s@..##..#.........
........##............
............##........
#..##..........#......
... #..........#......
...................
..#...............#
...............#
........#.....##


You could see a scorpion.

Vanquished Creatures
  Sigmund (D:3)
  A phantom (D:4)
  2 iguanas (D:3)
  2 adders (D:4)
  A gnoll (D:4)
  An ufetubus (D:4)
  An adder skeleton (D:4)
  2 dart slugs
  2 orcs
  6 ball pythons
  8 endoplasms
  3 giant cockroaches
  6 goblins
  9 hobgoblins
  5 quokkas
  6 bats
  4 frilled lizards
  A kobold (D:1)
  2 rats
63 creatures vanquished.

Vanquished Creatures (collateral kills)
  2 ogres (D:4)
  2 gnolls (D:4)
4 creatures vanquished.

Vanquished Creatures (others)
  A dancing weapon (D:4)
1 creature vanquished.

Grand Total: 68 creatures vanquished

Notes
Turn   | Place    | Note
-------+----------+-------------------------------------------
     0 | D:1      | Anamonty the Kobold Enchanter began the quest for the Orb.
     0 | D:1      | Reached XP level 1. HP: 10/10 MP: 3/3
   326 | D:1      | Reached XP level 2. HP: 15/15 MP: 5/5
   329 | D:1      | Learned a level 2 spell: Ensorcelled Hibernation
  1474 | D:2      | Reached XP level 3. HP: 19/19 MP: 6/6
  1681 | D:2      | Found a faded altar of an unknown god.
  1720 | D:2      | Identified the +7 spear of Rikux {vorpal, rPois}
  2153 | D:3      | Noticed Sigmund
  2206 | D:2      | Learned a level 3 spell: Tukima's Dance
  2470 | D:3      | Killed Sigmund
  2471 | D:3      | Reached skill level 5 in Stealth
  2471 | D:3      | Reached XP level 4. HP: 14/24 MP: 4/8
  2471 | D:3      | Reached XP level 5. HP: 16/28 MP: 4/9
  2471 | D:3      | Reached XP level 6. HP: 19/32 MP: 4/10
  2747 | D:3      | Learned a level 3 spell: Confusing Touch
  2896 | D:3      | Found a burning altar of Makhleb.
  3149 | D:3      | Got Mabliote's Reference Book on the Entourage
  3338 | D:3      | Learned a level 3 spell: Dazzling Flash
  3370 | D:4      | Noticed an ogre
  3391 | D:4      | Killed an ogre
  3392 | D:4      | Reached skill level 5 in Hexes
  3585 | D:4      | Reached XP level 7. HP: 31/36 MP: 6/12
  3812 | D:4      | Reached skill level 6 in Stealth
  4403 | D:4      | Slain by a scorpion

Illustrated notes

Levels and vault maps discovered:
D:1:      eino_arrival_cavern_a, layout_basic, minmay_statues_item,
          serial_park_tiny_2
D:2:      layout_basic, shapermc_ecumenical_altar_ellora
D:3:      layout_loops_cross, bloody_makhleb, uniq_sigmund
D:4:      layout_cave_pools, mainiacjoe_overflow_swirl, glass_columns_a

Skill      XL: |  1  2  3  4  5  6  7 |
---------------+----------------------+-----
Dodging        | 3 4 |  4.7
Stealth        | 5 6 |  6.2
Spellcasting   | 3 4 |  4.0
Hexes          | 4 5 |  5.7
Short Blades   | |  1.3

Action                   |  1- 3 |  4- 6 |  7- 9 || total
-------------------------+-------+-------+-------++-------
Melee: Dagger            |    65 |    54 |    12 ||   131
       Punch             |     1 |       |       ||     1
       Spear             |       |       |    39 ||    39
 Cast: Ensorcelled Hiber |    10 |    13 |     9 ||    32
       Tukima's Dance    |     1 |     1 |     7 ||     9
       Confusing Touch   |       |       |     2 ||     2
  Use: Scroll            |     3 |     1 |       ||     4
       Potion            |     1 |       |     2 ||     3
 Stab: Sleeping          |    21 |    15 |     9 ||    45
       Confused          |       |       |     1 ||     1
Armor: Robe              |     2 |     5 |     6 ||    13
Dodge: Dodged            |    46 |    36 |    28 ||   110

Table legend: (Time is in decaauts)
 A = Elapsed time spent in this place.
 B = Non-inter-level travel time spent in this place.
 C = Inter-level travel time spent in this place.
 D = Time resting spent in this place.
 E = Time spent auto-exploring this place.
 F = Levels seen in this place.
 G = Mean time per level.
                   A        B        C        D        E       F      G
               +--------+--------+--------+--------+--------+-----+--------+
         Total |   4399 |   4306 |     93 |      0 |   3668 |   4 | 1099.8 |
       Dungeon |   4399 |   4306 |     93 |      0 |   3668 |   4 | 1099.8 |
               +--------+--------+--------+--------+--------+-----+--------+

Top non-repeatable levels by time:
     D:3: 1485 daAuts
     D:2: 1175 daAuts
     D:1: 923 daAuts
     D:4: 815 daAuts
